 Dungeon Crawl Stone Soup version 0.25-a0-346-g140ab784a8 (webtiles) character file.

Game seed: 10096814344482310676, levelgen mode: deterministic

35 BritishOli the Slasher (level 3, -7/28 HPs)
             Began as a Demonspawn Gladiator on Jan 1, 2020.
             Killed from afar by Robin (12 damage)
             ... with a puff of flame
             ... on level 1 of the Dungeon.
             The game lasted 00:01:25 (1005 turns).

BritishOli the Slasher (Demonspawn Gladiator)       Turns: 1005, Time: 00:01:26

Health: -7/28      AC:  3    Str: 15    XL:     3   Next: 17%
Magic:  3/3        EV: 13    Int:  9    God:
Gold:   44         SH:  3    Dex: 14    Spells: 2/2 levels left

rFire    . . .     SeeInvis .   a - +0 long sword
rCold    . . .     Gourm    .   (no shield)
rNeg     . . .     Faith    .   b - +0 leather armour
rPois    .         Spirit   .   (helmet restricted)
rElec    .         Reflect  +   (no cloak)
rCorr    .         Harm     .   (no gloves)
MR       .....                  (no boots)
Stlth    +.........             m - +3 amulet of reflection
HPRegen  0.09/turn              (no ring)
MPRegen  0.08/turn              (no ring)

@: no status effects
A: horns 1, sturdy frame 1
a: no special abilities


You were on level 1 of the Dungeon.
You were not hungry.

You visited 1 branch of the dungeon, and saw 2 of its levels.

You collected 44 gold pieces.

Inventory:

Hand Weapons
 a - a +0 long sword (weapon)
Missiles
 d - 3 throwing nets (quivered)
Armour
 b - a +0 leather armour (worn)
 c - a +0 helmet
Jewellery
 m - a +3 amulet of reflection (around neck)
Scrolls
 e - 2 scrolls of identify {unknown}
 g - a scroll of enchant weapon {unknown}
 k - a scroll of amnesia {unknown}
 l - 2 scrolls of teleportation {unknown}
Potions
 h - 2 potions of haste {unknown}
 i - a potion of agility {unknown}
 j - a potion of curing
Comestibles
 f - a ration


   Skills:
 + Level 2.5 Fighting
 + Level 3.0 Long Blades
 - Level 2.0 Throwing
 + Level 0.7 Armour
 + Level 3.0 Dodging


You had 2 spell levels left.
You didn't know any spells.
Your spell library was empty.

Dungeon Overview and Level Annotations

Branches:
Dungeon (2/15)

Altars:
Elyvilon

Annotations:
D:1 Robin


Innate Abilities, Weirdness & Mutations

You have a pair of small horns on your head.
Your movements are slightly less encumbered by armour. (ER -2)


Message History

Robin zaps a wand.
The puff of flame hits you.
You hit Robin but do no damage. Your headbutt misses Robin.
Robin is heavily wounded.
Robin hits you with a +0 short sword.
* * * LOW HITPOINT WARNING * * *
You barely miss Robin. Your headbutt misses Robin.
Robin is heavily wounded.
Robin misses you.
You hit Robin. Your headbutt misses Robin.
Robin is heavily wounded.
Robin hits you with a +0 short sword.
* * * LOW HITPOINT WARNING * * *
You block Robin's attack.
You hit Robin.
Robin is severely wounded.
Robin zaps a wand.
The puff of flame misses you.
You barely miss Robin. You headbutt Robin.
Robin is almost dead.
Robin zaps a wand.
The puff of flame hits you!
You die...

#.# #.# #)# ###.# #.# #.#
##...# #.# #.# ####...## #.#
#.# ........#######.#
#######.#
####............######....##.#
##.#.#########..........#.#
##.#.########g..)####.....#
#..........).@..##..##.#### ##
#..###########.......#.#
.###..# #.[.##..#.# .##...##
#..##.[##.# .......#
#..#..##..# ###....#
#..#†.....# ##.#.# #..##..##.#
###.# #)..####..# #.#
#........##


You could see Robin.

Vanquished Creatures
  An adder (D:2)
  A dart slug (D:1)
  4 bats (D:1)
  A giant cockroach (D:1)
  5 goblins (D:1)
  6 hobgoblins (D:1)
  2 ball pythons (D:1)
  2 rats (D:1)
22 creatures vanquished.

Notes
Turn   | Place    | Note
-------+----------+-------------------------------------------
     0 | D:1      | BritishOli the Demonspawn Gladiator began the quest for the
                  | Orb.
     0 | D:1      | Reached XP level 1. HP: 16/16 MP: 1/1
    27 | D:1      | Gained mutation: Your movements are slightly less
                  | encumbered by armour. (ER -2) [demonic ancestry]
    27 | D:1      | Reached XP level 2. HP: 14/22 MP: 2/2
   626 | D:2      | Found a white marble altar of Elyvilon.
   672 | D:2      | Noticed Robin
   686 | D:1      | Gained mutation: You have a pair of small horns on your
                  | head. [demonic ancestry]
   686 | D:1      | Reached XP level 3. HP: 19/28 MP: 3/3
  1005 | D:1      | Killed from afar by Robin

Levels and vault maps discovered:
D:1:      scummos_arrival_forest, layout_loops_ring, minmay_close_crescents
D:2:      layout_basic, elyvilon_altar_4, lemuel_tele_altar, uniq_jessica,
          uniq_robin, uniq_sigmund

Skill      XL: |  1  2 |
---------------+-------+-----
Throwing       | 2 |  2.0
Long Blades    | 3 |  3.0
Dodging        | 3 |  3.0
Fighting       | |  2.5
Armour         | |  0.7

Action                   || total
-------------------------++-------
Melee: Long sword        ||    66
       Headbutt          ||     5
Armor: Leather armour    ||    28
Dodge: Dodged            ||    58
Block: Other             ||     3
       Rpst.: Long sword ||    16

Table legend:
 A = Non-vault XP
 B = Vault XP
 C = Vault XP percentage of total XP
 D = Non-vault monster count
 E = Vault monster count
 F = Vault count percentage of total count
                 A         B        C        D         E       F
            +---------+---------+-------+---------+---------+-------
      Total |      31 |      20 |  39.2 |      11 |      11 |  50.0
            +---------+---------+-------+---------+---------+-------
        D:1 |      18 |      20 |  52.6 |      10 |      11 |  52.4
        D:2 |      13 |       0 |   0.0 |       1 |       0 |   0.0
            +---------+---------+-------+---------+---------+-------
